 Dungeon Crawl Stone Soup version 0.12.2-14-g7c90c79 (webtiles) character file.

264 MarVin the Chopper (level 4, -4/36 HPs)
             Began as a Demonspawn Fighter on Aug 5, 2013.
             Killed by divine providence
             ... invoked by a smoke demon
              (10 damage)
             ... on Level 1 of the Abyss.
             The game lasted 00:07:42 (2539 turns).

MarVin the Chopper (Demonspawn Fighter)             Turns: 2539, Time: 00:07:43

HP  -4/36        AC  6     Str 21      XL: 4   Next: 82%
MP   3/3         EV  5     Int 10      God:
Gold 139         SH 19     Dex 15      Spells:  0 memorised,  3 levels left

Res.Fire  : . . .   See Invis. : .   a - +0 hand axe {=f}
Res.Cold  : . . .   Warding    : .   b - +0 scale mail
Life Prot.: + . .   Conserve   : .   c - +0 shield
Res.Poison: .       Res.Corr.  : .   (no helmet)
Res.Elec. : .       Clarity    : .   (no cloak)
Sust.Abil.: . .     Spirit.Shd : .   (no gloves)
Res.Mut.  : .       Stasis     : .   (no boots)
Res.Rott. : .       Ctrl.Telep.: x   (no amulet)
Saprovore : . . .   Flight     : .   (no ring)
                                     r - ring "Qanaehun" {rN+ Str+4 Dex+3, unknown}

@: slightly resistant to hostile enchantments, extremely unstealthy
A: no striking features
a: no special abilities


You were on level 1 of the Abyss.
You were hungry.

You visited 1 branch of the dungeon, and saw 3 of its levels.
You visited the Abyss 1 time.

You collected 119 gold pieces.

Inventory:

Hand weapons
 a - a +0,+0 hand axe (weapon) {=f}
Armour
 b - a +0 scale mail (worn)
 c - a +0 shield (worn)
 f - a +0 chain mail
Comestibles
 d - 2 bread rations
 l - a pear
 t - a rotting chunk of adder flesh
Scrolls
 g - a scroll of curse weapon {unknown}
 i - 2 scrolls of fog {unknown}
 j - 2 scrolls of remove curse {unknown}
 k - 2 scrolls of curse jewellery {unknown}
 m - a scroll of blinking {unknown}
 n - a scroll of identify {unknown}
 o - 2 scrolls of enchant armour {unknown}
 q - 2 scrolls of random uselessness {unknown}
 u - a scroll of recharging {unknown}
Jewellery
 r - the ring "Qanaehun" (left hand) {rN+ Str+4 Dex+3, unknown}
   (You found it on level 1 of the Abyss)

   [ring of life protection]

   It affects your strength (+4).
   It affects your dexterity (+3).
 x - an uncursed amulet of warding {unknown}
Potions
 e - 3 potions of curing {unknown}
 h - 2 potions of heal wounds {unknown}
 p - a potion of brilliance {unknown}
 v - a potion of resistance {unknown}
 w - a potion of poison {unknown}
 z - a potion of mutation {unknown}
Books
 s - a book of Party Tricks

   Spells                             Type                      Level
   Summon Butterflies                 Summoning                    1
   Apportation                        Translocation                1
   Blink                              Translocation                2
   Alistair's Intoxication            Transmutation/Poison         4
   Tukima's Dance                     Hexes                        5


   Skills:
 - Level 3.4 Fighting
 + Level 3.8 Axes
 - Level 3.0 Armour
 - Level 0.1 Dodging
 - Level 3.0 Shields


You had 3 spell levels left.
You didn't know any spells.

Dungeon Overview and Level Annotations

Branches:
Dungeon (3/27)

Altars:

Annotations
D:3 Purgy


Message History

You start resting.
Ugh!
There is something really disgusting in your inventory. (slot t)
You feel stronger.
You feel agile.
r - a faintly glowing golden ring (left hand) {tried, Str+4 Dex+3}
Found a corrupted altar of Lugonu.
Found a scroll labeled THIYLI GHOURITUNT.
x - a dented zirconium amulet You are feeling hungry.
o - 2 scrolls labeled THIYLI GHOURITUNT (gained 1)
z - a brown potion You start resting.
A smoke demon comes into view.
The smoke demon gestures at you. Something smites you!
* * * LOW HITPOINT WARNING * * *
A jelly comes into view.
The jelly quivers.
The smoke demon gestures at you. Something smites you!
You die...

. .. # ##. ... .. ###
..##.##.### .........
.. #.....# #.#
#.....###...##
#..@..........
...#.....###...#.....
..........J.........
#...........#......
.. #.####.....3#...#
....
..................#
##......#...#### .
......#..#... .....
.....#..#...####..


You could see a smoke demon and a jelly.

Vanquished Creatures
  4 gnolls
  2 adders (D:2)
  A giant mite (D:2)
  A worm (D:2)
  A giant gecko (D:1)
  An ooze (D:1)
  2 ball pythons (D:2)
  4 giant cockroaches
  4 hobgoblins
  3 jackals (D:1)
  9 bats
  3 giant newts
  5 goblins
  13 kobolds
  9 rats
62 creatures vanquished.

Vanquished Creatures (others)
  A rat (D:1)
1 creature vanquished.

Grand Total: 63 creatures vanquished

Notes
Turn   | Place    | Note
--------------------------------------------------------------
     0 | D:1      | MarVin, the Demonspawn Fighter, began the quest for the Orb.
     0 | D:1      | Reached XP level 1. HP: 18/18 MP: 0/0
   256 | D:1      | Reached XP level 2. HP: 20/24 MP: 1/1
   615 | D:1      | Reached XP level 3. HP: 30/30 MP: 2/2
  1414 | D:2      | Reached XP level 4. HP: 15/36 MP: 3/3
  2319 | D:3      | Noticed Purgy
  2463 | D:3      | Cast into the Abyss (gnoll)
  2466 | Abyss:1  | Found a corrupted altar of Lugonu.
  2468 | Abyss:1  | Got a faintly glowing golden ring
  2475 | Abyss:1  | Found a corrupted altar of Lugonu.
  2525 | Abyss:1  | Noticed a smoke demon
  2539 | Abyss:1  | Killed from afar by a smoke demon

Action                   |  1- 3 |  4- 6 || total
-------------------------+-------+-------++-------
Melee: Hand axe          |   153 |    94 ||   247
Throw: Spear             |       |     1 ||     1
